 Dungeon Crawl Stone Soup version 0.31-a0-848-gaac375c287 (webtiles) character file.

Game seed: 698059769000873863

8888 Kurtz the Cleaver (level 11, -2/86 HPs)
             Began as a Mummy Delver on Oct 4, 2023.
             Was a High Priest of Okawaru.
             Slain by a black mamba (4 damage)
             ... on level 1 of the Lair of Beasts.
             The game lasted 00:25:16 (12835 turns).

Kurtz the Cleaver (Mummy Delver)                   Turns: 12835, Time: 00:25:17

Health: -2/86      AC: 12    Str: 18    XL:     11   Next: 15%
Magic:  0/22       EV: 13    Int: 16    God:    Okawaru [*****.]
Gold:   642        SH:  0    Dex: 15    Spells: 10/10 levels left

rFire   x . .        g - +0 war axe
rCold   + . .        (no shield)
rNeg    + + +        D - +1 acid dragon scales
rPois   ∞            v - +0 helmet
rElec   .            t - +0 cloak
rCorr   +            s - +0 pair of gloves
SInv    .            (no boots)
Will    +....        k - amulet of guardian spirit
Stlth   ++           i - +6 ring of intelligence
HPRegen 0.34/turn    F - ring of magical power
MPRegen 0.18/turn

%: guardian spirit, faith
@: no status effects
A: cold resistance 1, negative energy resistance 3, torment resistance 2, heat
vulnerability 1, in touch with death 1, no potions, faith
a: Renounce Religion, Heroism, Finesse, Duel


You were on level 1 of the Lair of Beasts.
You worshipped Okawaru.
Okawaru was extremely pleased with you.
You visited 2 branches of the dungeon, and saw 12 of its levels.

You collected 642 gold pieces.

Inventory:

Hand Weapons
 g - a +0 war axe (weapon)
 A - a +1 whip of flaming
Missiles
 r - 5 javelins
 x - 2 silver javelins
 y - 4 boomerangs
 B - 8 poisoned darts
 I - a throwing net
Armour
 p - a +0 chain mail
 q - a +0 plate armour
 s - a +0 pair of gloves (worn)
 t - a +0 cloak (worn)
 v - a +0 helmet (worn)
 D - +1 acid dragon scales (worn)
Jewellery
 i - a +6 ring of intelligence (left hand)
 k - an amulet of guardian spirit (around neck)
 z - an amulet of reflection
 C - a +6 ring of intelligence
 F - a ring of magical power (right hand)
 G - a ring of ice
Wands
 f - a wand of digging (3)
 u - a wand of roots (2)
 J - a wand of flame (13)
Scrolls
 a - a scroll of enchant armour
 b - 3 scrolls of vulnerability
 c - 2 scrolls of fog
 d - 5 scrolls of revelation
 e - 2 scrolls of blinking
 h - 3 scrolls of immolation
 j - a scroll of summoning
 l - 2 scrolls of fear
 m - 2 scrolls of amnesia
 o - 4 scrolls of teleportation
 w - a scroll of noise
 E - a scroll of poison
 H - 3 scrolls of identify


   Skills:
 - Level 7.9 Fighting
 + Level 11.3 Axes
 - Level 5.0 Armour
 * Level 4.2 Dodging
 - Level 4.1 Stealth
 - Level 3.1 Invocations


You had 10 spell levels left.
You didn't know any spells.
Your spell library contained the following spells:

 Spells                   Type           Power      Damage    Failure   Level
 Inner Flame              Hex/Fire       0%         N/A       67%         3
 Petrify                  Tmut/Erth      0%         N/A       97%         4
 Alistair's Intoxication  Tmut/Pois      0%         N/A       100%        5
 Borgnjor's Vile Clutch   Necr/Erth      0%         N/A       100%        5
 Irradiate                Conj/Tmut      0%         3d11      100%        5
 Yara's Violent Unravell  Hex/Tmut       0%         3d3       100%        5
 Eringya's Noxious Bog    Tmut/Pois      0%         4d6       100%        6
 Enfeeble                 Hex            0%         N/A       100%        7
 Sublimation of Blood     Necr           Unusable   N/A       N/A         2

Dungeon Overview and Level Annotations

Branches:
Dungeon (11/15)            Temple (0/1) D:7            Lair (1/5) D:9
    Orc: D:9-12

Altars:
Ashenzari
Dithmenos
Fedhas
Kikubaaqudgha
Makhleb
Nemelex Xobeh
Okawaru
Trog

Annotations:
D:3 exclusion: downstairs
D:4 exclusion: 2 downstairs
D:5 exclusion: downstairs
D:6 exclusion: downstairs
D:7 exclusions: door and downstairs
D:8 exclusions: orange demon and orc priest
D:9 exclusion: downstairs
D:10 exclusion: downstairs


Innate Abilities, Weirdness & Mutations

You are immune to poison.
Your flesh is cold resistant. (rC+)
You are immune to negative energy. (rN+++)
You are immune to unholy pain and torment.
You are vulnerable to heat. (rF-)
You are in touch with the powers of death.
You do not drink.
You have a special connection with the divine. (Faith)


Message History

The black mamba is heavily wounded.
The black mamba bites you but does no damage.
The black mamba bites you!
You barely miss the black mamba.
The black mamba is heavily wounded.
The black mamba bites you!
The black mamba bites you but does no damage.
You hit the black mamba but do no damage.
The black mamba is heavily wounded.
The black mamba bites you.
You hit the black mamba.
The black mamba is heavily wounded.
The black mamba bites you! x2
* * * LOW HITPOINT WARNING * * *
Aiming: Bolt of Light
Press: ? - help, Q - select action, (/) - cycle Shift-Dir - straight line, f - black mamba
Aim: a black mamba (heavily wounded, 53% to hit)
The bolt of light hits the black mamba!
The black mamba is almost dead.
The black mamba is blinded.
The black mamba bites you!
* * * LOW HITPOINT WARNING * * *
The black mamba bites you!
* * * LOW HITPOINT WARNING * * *
Unknown command.
Aiming: Bolt of Light
Press: ? - help, Q - select action, (/) - cycle Shift-Dir - straight line, f/p - black mamba
Aim: a black mamba (almost dead, blind, 53% to hit)
The bolt of light misses the black mamba.
A water moccasin comes into view.
The black mamba closely misses you. x2; The water moccasin moves out of view.
Aiming: Bolt of Light
Press: ? - help, Q - select action, (/) - cycle Shift-Dir - straight line, f/p - black mamba
Aim: a black mamba (severely wounded, blind, 53% to hit)
The bolt of light hits the black mamba!
The black mamba is almost dead.
The now-empty wand crumbles to dust.
You hear an angry hiss.
The black mamba bites you.
You die...

#.....# #.....# . #.....#
####
#.#......#.....####.#.#.
#...P#.#.#...........(..
#.......................
#..................#...8
##.............@.........
#P.............S........
#..................#..
#..............#.######
#.P###.#.###.............
#.##
#....##...#........8. #.#
##.#.#.#...#....#.....
#.#
#..........#..........
#.# #....###...#.........


You could see a black mamba (blind).

Vanquished Creatures
  A two-headed ogre (D:9)
  Maurice (D:10)
  Maggie (D:7)
  A rime drake (Lair:1)
  2 trolls (D:10)
  Prince Ribbit (D:5)
  A blink frog (Lair:1)
  Grinder (D:5)
  Sigmund (D:4)
  11 yaks
  2 wraiths
  4 water moccasins
  An ice beast (D:7)
  2 orc warriors
  2 swamp drakes
  A sky beast (D:8)
  A tengu (D:9)
  2 black bears
  A boggart (D:8)
  4 centaurs
  4 lemures
  A phantom (D:7)
  2 kobold brigands
  2 scorpions
  3 bullfrogs
  2 gnoll sergeants
  11 wights
  7 killer bees
  2 jellies (D:6)
  5 howler monkeys
  3 gnoll boudas
  2 hounds
  4 orc priests
  A sleepcap (D:7)
  Ijyb (D:3)
  Natasha (D:1)
  6 orc wizards
  3 iguanas
  20 gnolls
  6 adders
  A shadow imp (D:6)
  3 white imps
  3 ufetubi
  A worm (D:2)
  4 dart slugs
  13 orcs
  9 endoplasms
  4 giant cockroaches
  4 goblins
  5 hobgoblins
  2 jackals (D:1)
  13 kobolds
  7 quokkas
  6 ball pythons
  5 bats
  A rat (D:1)
208 creatures vanquished.

Notes
Turn   | Place    | Note
-------+----------+-------------------------------------------
     0 | D:5      | Kurtz the Mummy Delver began the quest for the Orb.
     0 | D:5      | Reached XP level 1. HP: 18/18 MP: 1/1
    37 | D:5      | Noticed a water moccasin
    55 | D:5      | Reached skill level 2 in Axes
    62 | D:5      | Noticed a lemure
    64 | D:5      | Reached XP level 2. HP: 22/24 MP: 2/2
    66 | D:5      | Found a blossoming altar of Fedhas.
    67 | D:5      | Noticed an orc warrior
    73 | D:5      | Noticed a black bear
    84 | D:4      | Found an iron altar of Okawaru.
   198 | D:3      | Noticed Ijyb
   375 | D:1      | Reached XP level 3. HP: 27/29 MP: 3/3
   377 | D:1      | Reached skill level 3 in Axes
  1118 | D:2      | Found a faded altar of an unknown god.
  1122 | D:2      | Noticed Natasha
  1163 | D:1      | Killed Natasha
  1164 | D:1      | Reached XP level 4. HP: 5/35 MP: 0/4
  1860 | D:3      | HP: 1/35 [Ijyb/bolt of light (6)]
  1863 | D:3      | Killed Ijyb
  1864 | D:3      | Reached skill level 4 in Axes
  2419 | D:4      | Noticed a scorpion
  2423 | D:4      | Killed a scorpion
  2424 | D:4      | Reached XP level 5. HP: 41/41 MP: 5/5
  2508 | D:4      | Reached skill level 5 in Axes
  2550 | D:4      | Reached XP level 6. HP: 30/47 MP: 3/6
  2563 | D:4      | HP: 2/47 [gnoll/+0 club[a gnoll bouda] (5)]
  2771 | D:4      | Became a worshipper of Warmaster Okawaru
  2861 | D:4      | Noticed Sigmund
  2864 | D:4      | Killed Sigmund
  2865 | D:4      | Reached skill level 6 in Axes
  3560 | D:5      | Reached XP level 7. HP: 43/52 MP: 7/7
  3609 | D:5      | Found a sparkling altar of Nemelex Xobeh.
  3741 | D:5      | Noticed Prince Ribbit
  3743 | D:5      | Reached * piety under Okawaru
  3744 | D:5      | Reached skill level 1 in Invocations
  3755 | D:5      | Killed Prince Ribbit
  3919 | D:5      | Found a shadowy altar of Dithmenos.
  3923 | D:5      | Noticed Grinder
  3930 | D:5      | Killed Grinder
  3930 | D:5      | Reached ** piety under Okawaru
  3931 | D:5      | Reached skill level 7 in Axes
  3990 | D:5      | Noticed Pikel
  4106 | D:5      | Reached XP level 8. HP: 53/58 MP: 6/9
  5147 | D:5      | Pikel changed into Pikel the water moccasin
  5147 | D:5      | Noticed Pikel
  5159 | D:5      | Killed Pikel the water moccasin
  5362 | D:6      | Reached skill level 8 in Axes
  5609 | D:6      | Reached *** piety under Okawaru
  5812 | D:6      | Reached XP level 9. HP: 56/66 MP: 6/10
  5896 | D:5      | Reached skill level 1 in Armour
  5960 | D:7      | Noticed Maggie
  6464 | D:6      | Reached skill level 9 in Axes
  6659 | D:7      | Reached skill level 5 in Fighting
  6773 | D:7      | Killed Maggie
  7083 | D:7      | Identified the +1 cloak of the Zebrataur {Rampage rPois
                  | Slay-6}
  7332 | D:7      | Reached **** piety under Okawaru
  7411 | D:7      | Found a staircase to the Ecumenical Temple.
  7775 | D:8      | Found an ancient bone altar of Kikubaaqudgha.
  8021 | D:8      | Found a burning altar of Makhleb.
  8554 | D:9      | Reached XP level 10. HP: 63/77 MP: 11/11
  8780 | D:8      | Reached skill level 10 in Axes
  9064 | D:8      | Noticed an orange demon
  9595 | D:9      | Noticed a two-headed ogre
  9670 | D:9      | Reached ***** piety under Okawaru
  9739 | D:9      | Found a staircase to the Lair.
 10143 | D:9      | Killed a two-headed ogre
 10446 | D:9      | Found a bloodstained altar of Trog.
 10857 | D:10     | Entered Level 10 of the Dungeon
 10870 | D:10     | Noticed Maurice
 10950 | D:10     | Received a gift from Okawaru
 10974 | D:10     | Killed Maurice
 10975 | D:10     | Reached skill level 11 in Axes
 11864 | D:10     | Reached XP level 11. HP: 78/86 MP: 13/13
 12027 | D:10     | Found a broken altar of Ashenzari.
 12377 | D:11     | Reached skill level 5 in Armour
 12546 | Lair:1   | Entered Level 1 of the Lair of Beasts
 12833 | Lair:1   | HP: 1/86 [black mamba (9)]
 12835 | Lair:1   | Slain by a black mamba

Illustrated notes

Levels and vault maps discovered:
D:1:      minmay_arrival_wavy_path, layout_basic, minmay_domino_2
D:2:      layout_rooms, dreamdust_ecumenical_altar_statues,
          nicolae_figureground_sparkle, uniq_natasha
D:3:      layout_rooms, kennysheep_cross_bottleneck, hex_intersection, uniq_ijyb
D:4:      layout_basic, mainiacjoe_overflow_catwalk, grunt_decor_junction,
          uniq_sigmund
D:5:      layout_basic, nemelex_xobeh_ov_fountains_minmay,
          nicolae_dithmenos_shadow_blocks, lemuel_tele_altar, uniq_pikel,
          uniq_grinder, uniq_prince_ribbit1
D:6:      layout_basic
D:7:      minmay_chambers_of_sevens, layout_basic, minmay_temple_entry_trees,
          dreamdust_gnoll_farm, uniq_maggie
D:8:      layout_rooms, nicolae_overflow_crystal_walls, marbit_many_paths,
          mainiacjoe_overflow_brackets, uniq_amaemon
D:9:      layout_rooms, trog_three_pillars_becter, elyvilon_altar_4
D:10:     layout_roguey, mainiacjoe_overflow_boulevard, uniq_maurice
D:11:     layout_cave_pools, roderic_serpentine_path, uniq_snorg
Lair:1:   layout_regular_city, st_stairs_8, grunt_megastairs_3

Skill      XL: |  1  2  3  4  5  6  7  8  9 10 11 |
---------------+----------------------------------+-----
Axes           | 2 3 4 5 6 7 8 9 11 | 11.3
Dodging        | 2 3 4 |  4.2
Invocations    | 1 2 3 |  3.1
Fighting       | 4 6 7 |  7.9
Armour         | 4 5 |  5.0
Stealth        | |  4.1

Action                     |  1- 3 |  4- 6 |  7- 9 | 10-12 || total
---------------------------+-------+-------+-------+-------++-------
  Melee: War axe           |    39 |   154 |   414 |   387 ||   994
         Punch             |     1 |     6 |     9 |    12 ||    28
         Whip              |       |       |    19 |       ||    19
  Throw: Javelin           |       |       |    35 |     4 ||    39
         Boomerang         |       |       |     3 |       ||     3
         Dart              |       |       |       |    17 ||    17
         Throwing net      |       |       |       |     4 ||     4
 Invoke: Heroism           |       |       |     5 |     5 ||    10
  Evoke: Wand              |       |     3 |    21 |     8 ||    32
    Use: Scroll            |     1 |       |     7 |     4 ||    12
   Stab: Sleeping          |     5 |     4 |     3 |     1 ||    13
         Invisible         |       |       |     1 |     1 ||     2
         Held in net/web   |       |       |       |     4 ||     4
 Armour: Leather armour    |    39 |    16 |       |       ||    55
         Chain mail        |       |   119 |   262 |       ||   381
         Acid dragon scale |       |       |   103 |   278 ||   381
  Dodge: Dodged            |    55 |    70 |   210 |   243 ||   578

Table legend: (Time is in decaauts)
 A = Elapsed time spent in this place.
 B = Non-inter-level travel time spent in this place.
 C = Inter-level travel time spent in this place.
 D = Time resting spent in this place.
 E = Time spent auto-exploring this place.
 F = Levels seen in this place.
 G = Mean time per level.
                   A        B        C        D        E       F      G
               +--------+--------+--------+--------+--------+-----+--------+
         Total |  12959 |  11473 |   1486 |   2803 |   5471 |  12 | 1079.9 |
       Dungeon |  12672 |  11187 |   1485 |   2792 |   5298 |  11 | 1152.0 |
          Lair |    287 |    287 |      0 |     11 |    173 |   1 |  287.0 |
               +--------+--------+--------+--------+--------+-----+--------+

Top non-repeatable levels by time:
     D:5: 1708 daAuts
    D:10: 1470 daAuts
     D:8: 1461 daAuts
     D:9: 1435 daAuts
     D:4: 1351 daAuts
     D:6: 1316 daAuts
     D:7: 1246 daAuts
     D:1: 1024 daAuts
     D:3: 839 daAuts
     D:2: 684 daAuts
  Lair:1: 287 daAuts
    D:11: 134 daAuts
